 Dungeon Crawl Stone Soup version 0.23.2-33-g5129a83184 (webtiles) character file.

Game seed: 11693107150660227807

1765 DungeonDestroyer the Charmwright (level 9, -1/75 HPs)
             Began as a Gnoll Skald on July 28, 2019.
             Was a Believer of Okawaru.
             Slain by a wyvern (10 damage)
             ... on level 7 of the Dungeon.
             The game lasted 00:28:37 (7888 turns).

DungeonDestroyer the Charmwright (Gnoll Skald)      Turns: 7888, Time: 00:28:37

Health: -1/75      AC: 13    Str: 18    XL:     9   Next: 7%
Magic:  16/18      EV: 15    Int: 15    God:    Okawaru [**....]
Gold:   251        SH:  0    Dex: 16    Spells: 6/20 levels left

rFire    + . .     SeeInvis .   u - +0 war axe
rCold    . . .     Gourm    .   (no shield)
rNeg     . . .     Faith    .   m - +0 ring mail
rPois    .         Spirit   .   k - +1 helmet
rElec    +         Reflect  .   n - +2 cloak
rCorr    .         Harm     .   o - +0 pair of gloves
MR       +....                  c - +0 pair of boots
Stlth    ++........             l - amulet of magic regeneration
HPRegen  0.22/turn              g - ring of protection from fire
MPRegen  0.41/turn              b - ring of protection from magic

@: infused
A: distributed training, fangs 1, robust 1, electricity resistance, strong 1,
strong nose
a: Heroism, Renounce Religion


You were on level 7 of the Dungeon.
You worshipped Okawaru.
Okawaru was pleased with you.
You were not hungry.

You visited 2 branches of the dungeon, and saw 8 of its levels.
You also visited: Sewer.

You collected 251 gold pieces.

Inventory:

Hand Weapons
 u - a +0 war axe (weapon)
Armour
 c - a +0 pair of boots (worn)
 k - a +1 helmet (worn)
 m - a +0 ring mail (worn)
 n - a +2 cloak (worn)
 o - a +0 pair of gloves (worn)
Jewellery
 b - a ring of protection from magic (right hand)
 g - a ring of protection from fire (left hand)
 l - an amulet of magic regeneration (around neck)
Wands
 v - a wand of paralysis (13)
 w - a wand of disintegration (10)
 x - a wand of random effects (17)
Scrolls
 e - 7 scrolls of teleportation
 f - 2 scrolls of remove curse
 j - 3 scrolls of fog
 r - a scroll of amnesia
Potions
 h - a potion of resistance
 p - 2 potions of agility
 q - a potion of might
 s - a potion of magic
 t - 3 potions of curing
Comestibles
 d - 8 rations
 z - 5 chunks of flesh


   Skills:
 + Level 6.0 Fighting
 + Level 3.8 Short Blades
 + Level 3.8 Long Blades
 + Level 6.0 Axes
 + Level 3.8 Maces & Flails
 + Level 3.8 Polearms
 + Level 3.8 Staves
 + Level 3.8 Slings
 + Level 3.8 Bows
 + Level 3.8 Crossbows
 + Level 3.8 Throwing
 + Level 4.6 Armour
 + Level 6.0 Dodging
 + Level 3.8 Stealth
 + Level 3.8 Shields
 + Level 3.8 Unarmed Combat
 + Level 6.3 Spellcasting
 + Level 3.1 Conjurations
 + Level 3.1 Hexes
 + Level 6.3 Charms
 + Level 3.1 Summonings
 + Level 3.1 Necromancy
 + Level 3.1 Translocations
 + Level 3.1 Transmutations
 + Level 3.1 Fire Magic
 + Level 3.1 Ice Magic
 + Level 3.1 Air Magic
 + Level 3.1 Earth Magic
 + Level 3.1 Poison Magic
 + Level 4.1 Invocations
 + Level 3.8 Evocations


You had 6 spell levels left.
You knew the following spells:

 Your Spells              Type           Power        Failure   Level  Hunger
a - Infusion              Chrm           ###.         1%          1    None
b - Song of Slaying       Chrm           ###.....     2%          2    #......
c - Shroud of Golubria    Chrm/Tloc      ###.......   4%          2    #......
d - Regeneration          Chrm/Necr      ###.......   10%         3    ##.....
e - Spectral Weapon       Hex/Chrm       ###.....     10%         3    ##.....
f - Gell's Gravitas       Tloc           ##........   21%         3    ##.....

Your spell library contained the following spells:

 Spells                   Type           Power        Failure   Level  Hunger
 Confusing Touch          Hex            ##....       7%          1    None
 Confuse                  Hex            ##......     21%         3    ##.....
 Petrify                  Tmut/Erth      ##......     54%         4    ####...
 Metabolic Englaciation   Hex/Ice        ##........   88%         5    ######.
 Yara's Violent Unravell  Hex/Tmut       ##........   88%         5    ######.


Dungeon Overview and Level Annotations

Branches:
Dungeon (7/15)             Temple (1/1) D:6

Altars:
Ashenzari
Dithmenos
Elyvilon
Fedhas
Gozag
Hepliaklqana
Kikubaaqudgha
Makhleb
Nemelex Xobeh
Okawaru
Qazlal
Ru
Trog
Uskayaw
Vehumet
Wu Jian
Xom
Yredelemnul
Zin
The Shining One


Innate Abilities, Weirdness & Mutations

Your experience applies equally to all skills.
You have very sharp teeth.
Your uncanny sense of smell can sniff out nearby items.
You are robust. (+10% HP)
You are resistant to electric shocks. (rElec)
Your muscles are strong. (Str +2)


Message History

Okawaru accepts your kill. The wyvern barely misses you.
You closely miss the wyvern.
The wyvern bites you but does no damage.
The wyvern misses you.
You barely miss the wyvern. You bite the wyvern, but do no damage.
The wyvern bites you! The wyvern misses you.
You slash the wyvern!
The wyvern is moderately wounded.
The wyvern bites you!
* * * LOW HITPOINT WARNING * * *
You hit the wyvern.
The wyvern is heavily wounded.
The wyvern barely misses you. The wyvern bites you!
* * * LOW HITPOINT WARNING * * *
Unknown command.
You barely miss the wyvern.
The wyvern is heavily wounded.
The wyvern bites you!
You die...

♣
...###
###
.....
..
....
.. ...
.# ..
.#.
#l##
#@.#
#†#.#
#.%
..∆
####
##


You could see a wyvern.

Vanquished Creatures
  The ghost of Jaiteiro the Ruffian, an amateur TrWr (D:5)
  A hippogriff (D:7)
  2 ice beasts
  2 centaurs
  3 ogres
  4 crimson imps
  Crazy Yiuf (D:2)
  A bullfrog skeleton (D:5)
  4 worker ants
  2 orc wizards
  2 iguanas
  A bullfrog simulacrum (D:5)
  A hound skeleton (D:6)
  A killer bee simulacrum (D:5)
  2 worker ant zombies (D:5)
  Robin (D:3)
  10 adders
  2 shadow imps
  7 oozes
  An adder zombie (D:6)
  An adder skeleton (D:6)
  4 worms
  5 dart slugs
  3 adder simulacra (D:5)
  3 leopard geckos
  11 orcs
  5 giant cockroaches
  12 goblins
  12 hobgoblins
  4 jackals (D:2)
  4 quokkas
  3 ball pythons (Sewer)
  5 bats
  8 frilled lizards
  A jackal skeleton (D:5)
  22 kobolds
  A leopard gecko skeleton (D:5)
  A quokka simulacrum (D:5)
  10 rats
164 creatures vanquished.

Vanquished Creatures (others)
  A wizard (D:3)
1 creature vanquished.

Grand Total: 165 creatures vanquished

Notes
Turn   | Place    | Note
-------+----------+-------------------------------------------
     0 | D:1      | DungeonDestroyer the Gnoll Skald began the quest for the
                  | Orb.
     0 | D:1      | Reached XP level 1. HP: 20/20 MP: 6/6
    60 | D:1      | Reached XP level 2. HP: 26/26 MP: 7/7
   300 | D:1      | Gained mutation: Your spells are a little harder to cast,
                  | but a little more powerful. [potion of mutation]
   300 | D:1      | Gained mutation: Your muscles are strong. (Str +2) [potion
                  | of mutation]
   300 | D:1      | Gained mutation: You have large cloven feet. [potion of
                  | mutation]
   302 | D:1      | Lost mutation: You have large cloven feet. [potion of
                  | mutation]
   302 | D:1      | Lost mutation: Your spells are a little harder to cast, but
                  | a little more powerful. [potion of mutation]
   302 | D:1      | Gained mutation: You are robust. (+10% HP) [potion of
                  | mutation]
   302 | D:1      | Gained mutation: You are resistant to electric shocks.
                  | (rElec) [potion of mutation]
   342 | D:1      | Learned a level 2 spell: Song of Slaying
   345 | D:1      | Learned a level 2 spell: Shroud of Golubria
   469 | D:1      | Reached XP level 3. HP: 24/34 MP: 9/9
   757 | D:1      | Learned a level 3 spell: Regeneration
   761 | D:1      | Learned a level 3 spell: Spectral Weapon
   834 | D:1      | Reached skill level 5 in Spellcasting
   947 | D:1      | Reached skill level 1 in Invocations
  1588 | D:2      | Reached skill level 1 in Short Blades
  1588 | D:2      | Reached skill level 1 in Long Blades
  1588 | D:2      | Reached skill level 1 in Maces & Flails
  1588 | D:2      | Reached skill level 1 in Polearms
  1588 | D:2      | Reached skill level 1 in Staves
  1588 | D:2      | Reached skill level 1 in Slings
  1588 | D:2      | Reached skill level 1 in Bows
  1588 | D:2      | Reached skill level 1 in Crossbows
  1588 | D:2      | Reached skill level 1 in Throwing
  1588 | D:2      | Reached skill level 1 in Stealth
  1588 | D:2      | Reached skill level 1 in Shields
  1588 | D:2      | Reached skill level 1 in Unarmed Combat
  1588 | D:2      | Reached skill level 1 in Evocations
  1600 | D:2      | Found a runed translucent door.
  1601 | D:2      | Noticed Crazy Yiuf
  1661 | D:2      | Reached XP level 4. HP: 39/41 MP: 11/11
  2101 | D:2      | Reached skill level 1 in Conjurations
  2101 | D:2      | Reached skill level 1 in Hexes
  2101 | D:2      | Reached skill level 1 in Summonings
  2101 | D:2      | Reached skill level 1 in Necromancy
  2101 | D:2      | Reached skill level 1 in Translocations
  2101 | D:2      | Reached skill level 1 in Transmutations
  2101 | D:2      | Reached skill level 1 in Fire Magic
  2101 | D:2      | Reached skill level 1 in Ice Magic
  2101 | D:2      | Reached skill level 1 in Air Magic
  2101 | D:2      | Reached skill level 1 in Earth Magic
  2101 | D:2      | Reached skill level 1 in Poison Magic
  2187 | D:2      | Found a stormy altar of Qazlal.
  2442 | D:2      | Killed Crazy Yiuf
  2442 | D:2      | Reached XP level 5. HP: 26/47 MP: 6/12
  2630 | D:3      | Noticed Robin
  2636 | D:3      | Killed Robin
  3314 | D:3      | Reached XP level 6. HP: 55/55 MP: 13/13
  3428 | D:3      | Found a bloodstained altar of Trog.
  3431 | D:3      | Noticed a wizard
  3436 | D:3      | Killed a wizard
  3547 | D:3      | Found a sparkling altar of Nemelex Xobeh.
  3721 | D:4      | Found a glowing drain.
  3730 | Sewer    | Entered a sewer
  4462 | D:4      | Reached skill level 5 in Fighting
  4462 | D:4      | Reached skill level 5 in Axes
  4462 | D:4      | Reached skill level 5 in Dodging
  4526 | D:4      | Noticed an ice beast
  4537 | D:4      | Killed an ice beast
  4633 | D:4      | Reached XP level 7. HP: 59/61 MP: 15/15
  5466 | D:5      | Entered Level 5 of the Dungeon
  5611 | D:5      | Found a burning altar of Makhleb.
  5612 | D:5      | Found a radiant altar of Vehumet.
  5694 | D:5      | Found a runed translucent gate.
  5695 | D:5      | Found a runed translucent gate.
  5735 | D:5      | Found a runed translucent gate.
  5746 | D:5      | Found a glowing silver altar of Zin.
  5749 | D:5      | Found an iron altar of Okawaru.
  5752 | D:5      | Found an ancient bone altar of Kikubaaqudgha.
  5783 | D:5      | Became a worshipper of Warmaster Okawaru
  5962 | D:5      | Learned a level 3 spell: Gell's Gravitas
  6490 | D:5      | Reached XP level 8. HP: 65/69 MP: 16/16
  6506 | D:5      | Noticed Jaiteiro's ghost (amateur TrWr)
  6609 | D:5      | Identified the +8 dagger "Utsyfyu" {flame, *Corrode rF+ rC+
                  | MR+} (You found it on level 5 of the Dungeon)
  6727 | D:5      | Killed Jaiteiro's ghost
  6727 | D:5      | Reached * piety under Okawaru
  7065 | D:5      | Identified a scroll of acquirement
  7283 | D:6      | Found a staircase to the Ecumenical Temple.
  7312 | Temple   | Entered the Ecumenical Temple
  7667 | D:6      | Found a glowing golden altar of the Shining One.
  7856 | D:6      | Reached ** piety under Okawaru
  7873 | D:7      | Noticed a hippogriff
  7880 | D:7      | Noticed a wyvern
  7882 | D:7      | Killed a hippogriff
  7882 | D:7      | Reached XP level 9. HP: 50/75 MP: 14/18
  7888 | D:7      | Slain by a wyvern

Skill      XL: |  1  2  3  4  5  6  7  8 |
---------------+-------------------------+-----
Spellcasting   | 5 6 |  6.3
Invocations    | 1 2 3 4 |  4.1
Short Blades   | 1 2 3 |  3.8
Long Blades    | 1 2 3 |  3.8
Maces & Flails | 1 2 3 |  3.8
Polearms       | 1 2 3 |  3.8
Staves         | 1 2 3 |  3.8
Slings         | 1 2 3 |  3.8
Bows           | 1 2 3 |  3.8
Crossbows      | 1 2 3 |  3.8
Throwing       | 1 2 3 |  3.8
Stealth        | 1 2 3 |  3.8
Shields        | 1 2 3 |  3.8
Unarmed Combat | 1 2 3 |  3.8
Evocations     | 1 2 3 |  3.8
Conjurations   | 1 2 3 |  3.1
Hexes          | 1 2 3 |  3.1
Summonings     | 1 2 3 |  3.1
Necromancy     | 1 2 3 |  3.1
Translocations | 1 2 3 |  3.1
Transmutations | 1 2 3 |  3.1
Fire Magic     | 1 2 3 |  3.1
Ice Magic      | 1 2 3 |  3.1
Air Magic      | 1 2 3 |  3.1
Earth Magic    | 1 2 3 |  3.1
Poison Magic   | 1 2 3 |  3.1
Armour         | 3 4 |  4.6
Fighting       | 5 6 |  6.0
Axes           | 5 6 |  6.0
Dodging        | 5 6 |  6.0
Charms         | 6 |  6.3

Action                   |  1- 3 |  4- 6 |  7- 9 || total
-------------------------+-------+-------+-------++-------
Melee: Hand axe          |   122 |   312 |   181 ||   615
       Bite              |    13 |    32 |    50 ||    95
       War axe           |       |       |   104 ||   104
       Punch             |       |       |     3 ||     3
 Cast: Infusion          |       |     3 |     3 ||     6
       Shroud of Golubri |       |     1 |     1 ||     2
       Song of Slaying   |       |     2 |     1 ||     3
       Spectral Weapon   |       |     1 |       ||     1
       Regeneration      |       |       |     1 ||     1
  Use: Scroll            |     5 |     7 |     5 ||    17
       Potion            |     3 |     8 |     4 ||    15
 Stab: Sleeping          |     3 |     3 |     2 ||     8
  Eat: Chunk             |     2 |     8 |     3 ||    13
       Ration            |       |     2 |     2 ||     4
Armor: Leather armour    |    24 |    37 |       ||    61
       Skin              |       |     1 |       ||     1
       Ring mail         |       |    49 |   119 ||   168
Dodge: Dodged            |    89 |   213 |   230 ||   532
